 Dungeon Crawl Stone Soup version 0.23.2-1-ga50397a (webtiles) character file.

Game seed: 1027687419189679255

611 troglodite the Poker (level 7, -8/54 HPs)
             Began as a Demonspawn Monk on May 15, 2019.
             Was a Believer of Dithmenos.
             Mangled by an ogre
             ... wielding a +0 giant club
              (27 damage)
             ... on level 5 of the Dungeon.
             The game lasted 00:10:35 (5090 turns).

troglodite the Poker (Demonspawn Monk)              Turns: 5090, Time: 00:10:36

Health: -8/54      AC:  5    Str: 10    XL:     7   Next: 20%
Magic:  7/7        EV:  7    Int: 11    God:    Dithmenos [**....]
Gold:   298        SH: 11    Dex: 17    Spells: 6/6 levels left

rFire    . . .     SeeInvis .   a - +0 spear
rCold    . . .     Gourm    .   h - +0 large shield (curse)
rNeg     . . .     Faith    .   f - +0 ring mail
rPois    .         Spirit   .   (helmet restricted)
rElec    .         Reflect  .   (no cloak)
rCorr    .         Harm     .   (no gloves)
MR       .....                  (no boots)
Stlth    ++........             g - amulet of magic regeneration
HPRegen  0.18/turn              e - -2 ring of strength (curse)
MPRegen  0.35/turn              (no ring)

@: wreathed by umbra
A: antennae 1, powered by death 2, spiny 2
a: Shadow Step, Renounce Religion


You were on level 5 of the Dungeon.
You worshipped Dithmenos.
Dithmenos was pleased with you.
You were not hungry.

You visited 1 branch of the dungeon, and saw 5 of its levels.

You collected 298 gold pieces.

Inventory:

Hand Weapons
 a - a +0 spear (weapon)
Armour
 f - a +0 ring mail (worn)
 h - a cursed +0 large shield (worn)
Jewellery
 e - a cursed -2 ring of strength (left hand)
 g - an amulet of magic regeneration (around neck)
Wands
 o - a wand of disintegration (13)
Scrolls
 i - 2 scrolls of teleportation
 l - a scroll of amnesia {unknown}
 n - a scroll of remove curse {unknown}
 s - a scroll of enchant weapon {unknown}
Potions
 d - a potion of lignification {unknown}
 j - a potion of flight
 k - a potion of might
 r - a potion of haste
 t - 2 potions of curing {unknown}
 u - a potion of mutation {unknown}
Comestibles
 c - 6 rations


   Skills:
 * Level 4.2 Fighting
 * Level 4.8 Polearms
 * Level 2.9 Armour
 * Level 3.7 Dodging
 * Level 3.2 Stealth
 * Level 1.2 Shields


You had 6 spell levels left.
You didn't know any spells.
Your spell library contained the following spells:

 Spells                   Type           Power        Failure   Level  Hunger
 Sandblast                Erth           #.....       100%        1    ##.....
 Passwall                 Tmut/Erth      #.......     100%        2    ###....
 Stone Arrow              Conj/Erth      #.....       100%        3    ####...
 Petrify                  Tmut/Erth      #.......     100%        4    #####..
 Lee's Rapid Deconstruct  Erth           #.........   100%        5    ######.


Dungeon Overview and Level Annotations

Branches:
Dungeon (5/15)
 Temple: D:4-7

Altars:
Cheibriados
Dithmenos
Fedhas
Zin


Innate Abilities, Weirdness & Mutations

You have a pair of small antennae on your head.
You regenerate health from kills.
You are mostly covered in sharp spines.


Message History

The ogre is lightly wounded.
The ogre closely misses you.
You hit the ogre.
The ogre is moderately wounded.
You hit the ogre but do no damage.
The ogre is moderately wounded.
The ogre hits you with a +0 giant club!!
You closely miss the ogre.
The ogre is moderately wounded.
You block the ogre's attack.
You hit the ogre.
The ogre is moderately wounded.
The ogre hits you with a +0 giant club!
You hit the ogre.
The ogre is heavily wounded.
You hit the ogre.
The ogre is heavily wounded.
The ogre hits you with a +0 giant club!!
Ouch! That really hurt!
You die...

#.# #.# #........
#.# #.# .........
#.# #.# #.####.
#.# #.. #.# #.#
#.# #.# #.# .#.#
#.# .#O## #.#
.#@.+ #.# .#.##
##.###########.#.#
#..............#.#
#########.....##.#
#..............#
##.####.._...###
#......# #......#


You could see an ogre.

Vanquished Creatures
  An ice beast (D:4)
  2 hounds
  2 orc priests (D:5)
  A bullfrog skeleton (D:4)
  6 orc wizards
  A hound skeleton (D:4)
  5 adders
  7 gnolls
  An ooze (D:1)
  An adder skeleton (D:4)
  2 worms (D:4)
  2 dart slugs (D:1)
  4 leopard geckos
  7 orcs
  3 bats
  2 giant cockroaches
  6 goblins
  4 hobgoblins
  4 jackals
  A ball python (D:2)
  3 frilled lizards
  5 kobolds
  5 rats
  A plant (D:3)
76 creatures vanquished.

Notes
Turn   | Place    | Note
-------+----------+-------------------------------------------
     0 | D:1      | troglodite the Demonspawn Monk began the quest for the Orb.
     0 | D:1      | Reached XP level 1. HP: 18/18 MP: 1/1
   120 | D:1      | Gained mutation: You are partially covered in sharp spines.
                  | [demonic ancestry]
   120 | D:1      | Reached XP level 2. HP: 10/24 MP: 2/2
   790 | D:2      | Gained mutation: You regenerate a little health from kills.
                  | [demonic ancestry]
   790 | D:2      | Reached XP level 3. HP: 29/29 MP: 3/3
  1929 | D:2      | Reached XP level 4. HP: 31/35 MP: 4/4
  2080 | D:3      | HP: 1/35 [gnoll/cursed -2 flail (6)]
  2540 | D:2      | Reached skill level 1 in Armour
  2936 | D:2      | Gained mutation: You regenerate health from kills. [demonic
                  | ancestry]
  2936 | D:2      | Reached XP level 5. HP: 5/41 MP: 5/5
  3573 | D:3      | Found a snail-covered altar of Cheibriados.
  3573 | D:3      | Found a glowing silver altar of Zin.
  3574 | D:3      | Found a shadowy altar of Dithmenos.
  3608 | D:3      | Became a worshipper of Dithmenos the Shadowed
  3608 | D:3      | Reached * piety under Dithmenos
  3608 | D:3      | Reached ** piety under Dithmenos
  4211 | D:4      | Noticed an ice beast
  4244 | D:4      | Killed an ice beast
  4244 | D:4      | Gained mutation: You have a pair of small antennae on your
                  | head. [demonic ancestry]
  4244 | D:4      | Reached XP level 6. HP: 12/48 MP: 6/6
  4499 | D:4      | Reached skill level 1 in Shields
  4696 | D:4      | Gained mutation: You are mostly covered in sharp spines.
                  | [demonic ancestry]
  4696 | D:4      | Reached XP level 7. HP: 54/54 MP: 7/7
  4996 | D:5      | Entered Level 5 of the Dungeon
  5067 | D:5      | Found a blossoming altar of Fedhas.
  5090 | D:5      | Mangled by an ogre

Skill      XL: |  1  2  3  4  5  6 |
---------------+-------------------+-----
Stealth        | 2 3 |  3.2
Polearms       | 3 4 |  4.8
Dodging        | 3 |  3.7
Armour         | 1 2 |  2.9
Fighting       | 4 |  4.2
Shields        | 1 |  1.2

Action                   |  1- 3 |  4- 6 |  7- 9 || total
-------------------------+-------+-------+-------++-------
Melee: Spear             |    97 |   315 |    40 ||   452
  Use: Scroll            |       |     7 |       ||     7
       Potion            |       |     1 |       ||     1
 Stab: Sleeping          |     6 |     4 |       ||    10
  Eat: Chunk             |     3 |     9 |       ||    12
       Ration            |       |       |     1 ||     1
Armor: Robe              |     9 |       |       ||     9
       Ring mail         |       |    46 |     3 ||    49
Dodge: Dodged            |    30 |    57 |     5 ||    92
Block: Shield            |       |    18 |       ||    18
       Large shield      |       |    25 |    10 ||    35
